 Dungeon Crawl Stone Soup version 0.32-a0-765-gfba4d74c8c (webtiles) character file.

Game seed: 1845450915627874670

2 Nattfarinn the Digger (level 1, 0/14 HPs)
             Began as a Mountain Dwarf Earth Elementalist on Mar 18, 2024.
             Slain by a kobold
             ... wielding a +0 whip
              (1 damage)
             ... on level 1 of the Dungeon.
             The game lasted 00:00:25 (91 turns).

Nattfarinn the Digger (MDEE)                          Turns: 91, Time: 00:00:27

Health: 0/14       AC:  2    Str: 10    XL:     1   Next: 33%
Magic:  2/3        EV: 10    Int: 15    God:
Gold:   12         SH:  0    Dex: 10    Spells: 2/3 levels left

rFire   . . .        (no weapon)
rCold   . . .        (no shield)
rNeg    . . .        a - +0 robe
rPois   .            (no helmet)
rElec   .            (no cloak)
rCorr   .            (no gloves)
SInv    .            (no boots)
Will    .....        (no amulet)
Stlth   ++           (no ring)
HPRegen 0.22/turn    (no ring)
MPRegen 0.08/turn

%: no passive effects
@: no status effects
A: runic magic, artefact enchanting
a: no special abilities


You were on level 1 of the Dungeon.
You visited 1 branch of the dungeon, and saw 1 of its levels.

You collected 12 gold pieces.

Inventory:

Armour
 a - a +0 robe (worn)
Potions
 b - a potion of magic
 c - a potion of might {unknown}


   Skills:
 - Level 1.3 Dodging
 - Level 1.4 Stealth
 * Level 1.9 Spellcasting
 - Level 0.8 Conjurations
 + Level 3.3 Earth Magic


You had 2 spell levels left.
You knew the following spells:

 Your Spells              Type           Power      Damage    Failure   Level
a - Sandblast             Erth           22%        2d7       5%          1

Your spell library contained the following spells:

 Spells                   Type           Power      Damage    Failure   Level
 Necrotise                Necr           4%         1d4       22%         1
 Passwall                 Erth           11%        N/A       17%         3
 Stone Arrow              Conj/Erth      14%        3d7       28%         3
 Vampiric Draining        Necr           1%         2d6       56%         3
 Brom's Barrelling Bould  Conj/Erth      7%         2d3       67%         4
 Petrify                  Alch/Erth      6%         N/A       73%         4
 Martyr's Knell           Necr/Summ      1%         N/A       92%         4
 Curse of Agony           Necr           1%         N/A       99%         5


Dungeon Overview and Level Annotations

Branches:
Dungeon (1/15)

Altars:


Innate Abilities, Weirdness & Mutations

Your spellcasting is much less encumbered by armour.
You can use scrolls of enchantment on lesser artefacts.


Message History

The bat misses you.
You hit the bat.
The bat is severely wounded.
The bat hits you but does no damage.
An endoplasm comes into view.
You miss the bat.
The bat is severely wounded.
The endoplasm quivers.
The bat hits you but does no damage. The kobold barely misses you.
You closely miss the kobold. The bat misses you.
The kobold hits you with a +0 dagger.
You hit the bat.
You kill the bat!
A frilled lizard comes into view.
The kobold closely misses you.
You hit the kobold but do no damage. The kobold hits you with a +0 dagger.
You closely miss the kobold. The kobold misses you.
The kobold hits you but does no damage. The kobold barely misses you.
You hit the kobold but do no damage. The kobold barely misses you. x2
The kobold hits you with a +0 dagger.
A frilled lizard comes into view.
You are too injured to fight recklessly!
You are too injured to fight recklessly!
The kobold attacks as it pursues you! The kobold hits you with a +0 whip.
* * * LOW HITPOINT WARNING * * *
The kobold hits you with a +0 dagger.
* * * LOW HITPOINT WARNING * * *
The kobold attacks as it pursues you! The kobold barely misses you.
The kobold attacks as it pursues you! The kobold barely misses you.
The kobold attacks as it pursues you! The kobold hits you with a +0 whip.
* * * LOW HITPOINT WARNING * * *
Casting: Sandblast (safe; 5% risk of failure)
Confirm with . or Enter, or press ? or * to list all spells.
Aiming: Sandblast (safe; 5% risk of failure)
Press: ? - help, Shift-Dir - straight line, f - kobold
Aim: a kobold, wielding a +0 whip (77% to hit)
The blast of sand hits the kobold.
The kobold is severely wounded.
The kobold hits you but does no damage. The kobold hits you with a +0 whip.
You die...

#.#.......# #.........# ..
... ###.#.##.## ...#..
#...##.# ....#.######
##...##.# #...#......
.....##.# ..........
.......#.#
......l..########..#.##
........lKK@..........#
......†..K###.........#
..........###.........######
..!...........†.###.........
................# #.........
...##....!.....$# #.........
.. .)###........# #.........
# ##. ..........# #.........
## ##........# #.....%...


You could see 3 kobolds and 2 frilled lizards.

Vanquished Creatures
  2 bats (D:1)
2 creatures vanquished.

Notes
Turn   | Place    | Note
-------+----------+-------------------------------------------
     0 | D:1      | Nattfarinn the Mountain Dwarf Earth Elementalist began the
                  | quest for the Orb.
     0 | D:1      | Reached XP level 1. HP: 14/14 MP: 3/3
    91 | D:1      | Slain by a kobold

Illustrated notes

Levels and vault maps discovered:
D:1:      lightli_arrival_flooded_house, layout_rooms,
          dreamdust_mushroom_princess

Action                     || total
---------------------------++-------
  Melee: Unarmed           ||    17
   Cast: Sandblast         ||     4
 Armour: Robe              ||    26
  Dodge: Dodged            ||    27

Table legend: (Time is in decaauts)
 A = Elapsed time spent in this place.
 B = Non-inter-level travel time spent in this place.
 C = Inter-level travel time spent in this place.
 D = Time resting spent in this place.
 E = Time spent auto-exploring this place.
 F = Levels seen in this place.
 G = Mean time per level.
                   A        B        C        D        E       F      G
               +--------+--------+--------+--------+--------+-----+--------+
         Total |     93 |     90 |      3 |      0 |     46 |   1 |   93.0 |
       Dungeon |     93 |     90 |      3 |      0 |     46 |   1 |   93.0 |
               +--------+--------+--------+--------+--------+-----+--------+

Top non-repeatable levels by time:
     D:1: 93 daAuts
